 Dungeon Crawl Stone Soup version 0.26-a0-651-gb41185065b (webtiles) character file.

Game seed: 9433830424961264414

32 Lanoc the Conjurer (level 3, -5/19 HPs)
             Began as a Deep Elf Conjurer on Oct 7, 2020.
             Slain by Terence
             ... wielding a +5 hand axe of electrocution
              (12 damage)
             ... on level 2 of the Dungeon.
             The game lasted 00:01:02 (497 turns).

Lanoc the Conjurer (Deep Elf Conjurer)               Turns: 497, Time: 00:01:03

Health: -5/19      AC:  2    Str:  4    XL:     3   Next: 8%
Magic:  4/9        EV: 13    Int: 23    God:
Gold:   13         SH:  0    Dex: 13    Spells: 5/8 levels left

rFire    . . .     SeeInvis .   (no weapon)
rCold    . . .     Faith    .   (no shield)
rNeg     . . .     Spirit   .   a - +0 robe
rPois    .         Reflect  .   (no helmet)
rElec    .         Harm     .   (no cloak)
rCorr    .         Rampage  .   (no gloves)
MR       .....                  (no boots)
Stlth    ++........             (no amulet)
HPRegen  0.06/turn              (no ring)
MPRegen  0.11/turn              (no ring)

@: no status effects
A: no striking features
a: no special abilities


You were on level 2 of the Dungeon.
You visited 1 branch of the dungeon, and saw 2 of its levels.

You collected 13 gold pieces.

Inventory:

Armour
 a - a +0 robe (worn)
Scrolls
 c - a scroll of amnesia {unknown}
Potions
 b - a potion of haste {unknown}
 d - a potion of stabbing {unknown}


   Skills:
 + Level 3.1 Dodging
 - Level 2.4 Stealth
 - Level 3.0 Spellcasting
 * Level 5.2 Conjurations


You had 5 spell levels left.
You knew the following spells:

 Your Spells              Type           Power        Failure   Level
a - Magic Dart            Conj           ####         1%          1
b - Searing Ray           Conj           ####..       1%          2

Your spell library contained the following spells:

 Spells                   Type           Power        Failure   Level
 Dazzling Flash           Conj/Hex       ###...       12%         3
 Fulminant Prism          Conj/Hex       ###.......   36%         4
 Iskenderun's Mystic Bla  Conj/Tloc      ###.....     36%         4


Dungeon Overview and Level Annotations

Branches:
Dungeon (2/15)

Altars:

Annotations:
D:2 Terence


Message History

Terence the Incautious comes into view.
He is wielding a +5 hand axe of electrocution.
Casting: Magic Dart (safe; 1% risk of failure)
Confirm with . or Enter, or press ? or * to list all spells.
Aiming: Searing Ray (safe; 1% risk of failure)
Press: ? - help, Shift-Dir - straight line, f - Terence
Aim: Terence, wielding a +5 hand axe of electrocution and wearing a +4 chain mail The searing ray hits Terence but does no damage. (Press . to maintain the ray.)
The searing ray hits Terence but does no damage.
Terence closely misses you.
The searing ray misses Terence.
Terence hits you with a +5 hand axe of electrocution.
The searing ray hits Terence.
Terence is lightly wounded.
You finish channeling your searing ray.
Terence hits you with a +5 hand axe of electrocution.
Terence hits you with a +5 hand axe of electrocution.
You are electrocuted!
Ouch! That really hurt!
You die...

# #. #.#
#..#
###...###
......@.#
###...#@#
##. #.# #
##.##
#...#
#.<.#
#...#
##.## #.#
#.#


You could see Terence.

Vanquished Creatures
  A gnoll (D:1)
  An adder (D:2)
  An ooze (D:1)
  2 goblins
  A hobgoblin (D:1)
  A jackal (D:2)
  A kobold (D:1)
  2 bats
10 creatures vanquished.

Notes
Turn   | Place    | Note
-------+----------+-------------------------------------------
     0 | D:1      | Lanoc the Deep Elf Conjurer began the quest for the Orb.
     0 | D:1      | Reached XP level 1. HP: 10/10 MP: 6/6
     8 | D:1      | Reached XP level 2. HP: 15/15 MP: 1/8
   185 | D:1      | Reached skill level 5 in Conjurations
   345 | D:1      | Learned a level 2 spell: Searing Ray
   379 | D:2      | Reached XP level 3. HP: 19/19 MP: 5/9
   492 | D:2      | Noticed Terence
   497 | D:2      | Slain by Terence

Illustrated notes

Levels and vault maps discovered:
D:1:      minmay_arrival_radiant_lines, layout_basic
D:2:      layout_loops_corners, kennysheep_small_spiral, minmay_distorted,
          uniq_terence

Skill      XL: |  1  2 |
---------------+-------+-----
Dodging        | 3 |  3.1
Conjurations   | 5 |  5.2
Stealth        | |  2.4
Spellcasting   | |  3.0

Action                   || total
-------------------------++-------
Melee: Unarmed           ||     2
 Cast: Magic Dart        ||    32
       Searing Ray       ||     1
Armor: Robe              ||     1
Dodge: Dodged            ||     6

Table legend: (Time is in decaauts)
 A = Elapsed time spent in this place.
 B = Non-inter-level travel time spent in this place.
 C = Inter-level travel time spent in this place.
 D = Time resting spent in this place.
 E = Time spent auto-exploring this place.
 F = Levels seen in this place.
 G = Mean time per level.
                   A        B        C        D        E       F      G
               +--------+--------+--------+--------+--------+-----+--------+
         Total |    496 |    492 |      4 |      0 |    385 |   2 |  248.0 |
       Dungeon |    496 |    492 |      4 |      0 |    385 |   2 |  248.0 |
               +--------+--------+--------+--------+--------+-----+--------+

Top non-repeatable levels by time:
     D:1: 350 daAuts
     D:2: 146 daAuts
